 Dungeon Crawl Stone Soup version 0.24-a0-630-g0d56a851f4 (webtiles) character file.

Game seed: 14572159471273616406, levelgen mode: deterministic

1550 MirrMurr the Jinx (level 8, 0/39 HPs)
             Began as a Spriggan Enchanter on Sept 19, 2019.
             Was a Believer of Okawaru.
             Succumbed to a killer bee's poison
             ... on level 6 of the Dungeon.
             The game lasted 00:18:46 (7360 turns).

MirrMurr the Jinx (Spriggan Enchanter)              Turns: 7360, Time: 00:18:46

Health: 0/39       AC:  4    Str:  6    XL:     8   Next: 57%
Magic:  12/15      EV: 20    Int: 21    God:    Okawaru [**....]
Gold:   178        SH:  6    Dex: 17    Spells: 4/15 levels left

rFire    . . .     SeeInvis +   a - +4 dagger (venom)
rCold    . . .     Gourm    .   n - +0 buckler
rNeg     . . .     Faith    .   x - +0 robe
rPois    .         Spirit   .   (helmet restricted)
rElec    .         Reflect  .   j - +1 cloak
rCorr    .         Harm     .   (gloves unavailable)
MR       +....                  (boots unavailable)
Stlth    ++++......             (no amulet)
HPRegen  0.13/turn              (no ring)
MPRegen  0.14/turn              (no ring)

@: brilliant, lethally poisoned (0 -> -27), flying, hasted, very quick
A: very small, unfitting armour, see invisible, herbivore, speed 3, slow
metabolism 2
a: Heroism, Renounce Religion


You were on level 6 of the Dungeon.
You worshipped Okawaru.
Okawaru was pleased with you.
You were very hungry.

You visited 2 branches of the dungeon, and saw 7 of its levels.

You collected 178 gold pieces.

Inventory:

Hand Weapons
 a - a +4 dagger of venom (weapon)
 b - a +0 hunting sling
Missiles
 e - 297 stones (quivered)
 h - a throwing net
 s - 22 poisoned darts
 t - 43 sling bullets
Armour
 j - a +1 cloak (worn)
 n - a +0 buckler (worn)
 w - a scarf of resistance
 x - a +0 robe (worn)
Jewellery
 g - an uncursed ring of magical power {unknown}
 m - an uncursed ring of positive energy {unknown}
 u - an uncursed ring of positive energy {unknown}
 A - a +3 ring of intelligence {unknown}
Wands
 z - a wand of acid (10)
Scrolls
 f - 2 scrolls of teleportation
 r - 2 scrolls of remove curse
Potions
 d - 3 potions of agility
 i - a potion of mutation
 l - a potion of cancellation
 p - 2 potions of lignification
 q - a potion of might
Comestibles
 c - 8 rations


   Skills:
 + Level 2.0 Fighting
 - Level 5.2 Short Blades
 + Level 4.9 Dodging
 - Level 8.0 Stealth
 * Level 2.7 Shields
 - Level 4.0 Spellcasting
 - Level 8.3 Hexes


You had 4 spell levels left.
You knew the following spells:

 Your Spells              Type           Power        Failure   Level  Hunger
a - Ensorcelled Hibernat  Hex/Ice        ####..       1%          2    #......
b - Confuse               Hex            ######..     1%          3    ###....
c - Tukima's Dance        Hex            ######..     1%          3    ###....
d - Dazzling Spray        Conj/Hex       ####..       1%          3    ###....

Your spell library contained the following spells:

 Spells                   Type           Power        Failure   Level  Hunger
 Corona                   Hex            ######.      1%          1    None
 Magic Dart               Conj           ###.         1%          1    None
 Searing Ray              Conj           ###...       3%          2    #......
 Fulminant Prism          Conj/Hex       ####......   3%          4    ####...
 Force Lance              Conj/Tloc      ###.....     17%         4    ####...
 Iskenderun's Mystic Bla  Conj           ###.....     17%         4    ####...


Dungeon Overview and Level Annotations

Branches:
Dungeon (6/15)             Temple (1/1) D:4

Altars:
Ashenzari
Dithmenos
Elyvilon
Fedhas
Gozag
Hepliaklqana
Kikubaaqudgha
Makhleb
Nemelex Xobeh
Okawaru
Qazlal
Ru
Sif Muna
Trog
Uskayaw
Vehumet
Wu Jian
Xom
Yredelemnul
Zin
The Shining One


Innate Abilities, Weirdness & Mutations

You are very small and have problems with some larger weapons.
You are too small for most types of armour.
You have supernaturally acute eyesight. (SInv)
You are a herbivore.
You cover ground extremely quickly.
You need to consume almost no food.


Message History

Your Fighting skill increases to level 2!
* * * LOW HITPOINT WARNING * * *
You feel sick. The killer bee completely misses you.
The orc completely misses you.
It was a potion of haste.
You feel yourself speed up.
* * * LOW HITPOINT WARNING * * *
You feel sick. The killer bee closely misses you. The killer bee stings you.
* * * LOW HITPOINT WARNING * * *
You are more poisoned.
The killer bee poisons you! You block the orc's attack.
It was a potion of flight.
You feel very buoyant.
You fly up into the air.
* * * LOW HITPOINT WARNING * * *
You feel sick. The killer bee stings you.
* * * LOW HITPOINT WARNING * * *
You block the killer bee's attack. The orc barely misses you.
It was a potion of brilliance.
You feel clever all of a sudden.
You die...

....................###.######
................###......>....
.............<.<##....########
.##.###..÷#####..#.#### #.
##...........# #
##.#####....#######
#..####..........# ##
##..†.##.........## #.
.#########@#..######...# #.
...... #yo..# ##### ......#
##.#.# #.. ....... ##..#..#
#.. ....?.†##o.###... #..
......†.†....####. ...
......##.....# .. ... ###.#
...###...# # ... .. ...###
...# ...


You could see a killer bee and an orc.

Vanquished Creatures
  Grinder (D:5)
  2 ogres
  A bullfrog (D:6)
  A scorpion (D:6)
  4 killer bees (D:6)
  A bullfrog zombie (D:5)
  4 orc priests
  3 bullfrog skeletons
  A centaur skeleton (D:6)
  6 orc wizards
  3 iguanas
  4 worker ants
  8 gnolls
  6 adders
  A shadow imp (D:5)
  An adder zombie (D:6)
  An adder skeleton (D:5)
  10 worms
  3 dart slugs
  4 leopard geckos
  23 orcs
  2 ball pythons
  4 giant cockroaches
  9 goblins
  7 hobgoblins
  2 jackals (D:1)
  9 kobolds
  A quokka (D:3)
  10 bats
  3 frilled lizards
  10 rats
145 creatures vanquished.

Notes
Turn   | Place    | Note
-------+----------+-------------------------------------------
     0 | D:1      | MirrMurr the Spriggan Enchanter began the quest for the
                  | Orb.
     0 | D:1      | Reached XP level 1. HP: 9/9 MP: 5/5
   379 | D:1      | Reached XP level 2. HP: 13/13 MP: 6/6
   397 | D:1      | Reached skill level 5 in Stealth
   495 | D:1      | Learned a level 2 spell: Ensorcelled Hibernation
  1327 | D:1      | Reached XP level 3. HP: 16/16 MP: 1/8
  1332 | D:1      | Learned a level 3 spell: Confuse
  1603 | D:2      | Found an ancient bone altar of Kikubaaqudgha.
  2179 | D:2      | Reached XP level 4. HP: 16/21 MP: 4/9
  3153 | D:3      | Reached XP level 5. HP: 24/24 MP: 10/10
  3172 | D:3      | Learned a level 3 spell: Tukima's Dance
  3196 | D:3      | Found a bloodstained altar of Trog.
  3197 | D:3      | Found a sparkling altar of Nemelex Xobeh.
  3247 | D:3      | Found an ancient bone altar of Kikubaaqudgha.
  3416 | D:3      | Found an iron altar of Okawaru.
  3468 | D:3      | Became a worshipper of Warmaster Okawaru
  4182 | D:3      | Reached XP level 6. HP: 9/28 MP: 11/11
  4410 | D:4      | Reached skill level 5 in Short Blades
  4600 | D:4      | Learned a level 3 spell: Dazzling Spray
  4661 | D:4      | Found a staircase to the Ecumenical Temple.
  4724 | Temple   | Entered the Ecumenical Temple
  5284 | D:4      | Reached skill level 5 in Hexes
  5294 | D:4      | Reached * piety under Okawaru
  5446 | D:4      | Found a shimmering blue altar of Sif Muna.
  5577 | D:5      | Entered Level 5 of the Dungeon
  5583 | D:5      | Reached XP level 7. HP: 32/32 MP: 13/13
  6469 | D:5      | Noticed Grinder
  6483 | D:5      | Killed Grinder
  6483 | D:5      | Reached ** piety under Okawaru
  6483 | D:5      | Reached XP level 8. HP: 36/36 MP: 8/15
  6720 | D:5      | Found a sacrificial altar of Ru.
  6869 | D:6      | Reached skill level 1 in Shields
  6922 | D:6      | Reached skill level 1 in Fighting
  7359 | D:6      | HP: 1/39 [killer bee (3)]
  7360 | D:6      | Succumbed to a killer bee's poison

Levels and vault maps discovered:
D:1:      eino_arrival_water_cross, layout_basic
D:2:      layout_basic, first_ration, minmay_hexomino_r4
D:3:      minmay_recursive_quarters, layout_loops_ring,
          overflow_temple_1_default, okawaru_altar_gauntlet_db,
          gammafunk_temple_overflow_pools
D:4:      layout_basic, lemuel_crystal_altar, minmay_temple_entry_hall
D:5:      layout_cave_pods, nicolae_ru_path_of_blood, uniq_grinder
D:6:      layout_rooms, nicolae_overflow_hidden_temple, serial_shops, shop,
          minmay_fractal_squares_5
Temple:   nicolae_temple_elliptical

Skill      XL: |  1  2  3  4  5  6  7  8 |
---------------+-------------------------+-----
Stealth        | 5 6 7 8 |  8.0
Short Blades   | 2 3 4 5 |  5.2
Spellcasting   | 3 4 |  4.0
Hexes          | 5 8 |  8.3
Shields        | 2 |  2.7
Fighting       | 2 |  2.0
Dodging        | 4 |  4.9

Action                   |  1- 3 |  4- 6 |  7- 9 || total
-------------------------+-------+-------+-------++-------
Melee: Dagger            |   109 |   195 |   140 ||   444
 Cast: Corona            |     2 |       |       ||     2
       Ensorcelled Hiber |    26 |     9 |    12 ||    47
       Confuse           |       |     3 |    12 ||    15
  Use: Scroll            |     3 |    12 |     1 ||    16
       Potion            |       |     1 |     4 ||     5
 Stab: Sleeping          |    21 |    20 |    11 ||    52
       Distracted        |     1 |       |       ||     1
       Confused          |       |     2 |     5 ||     7
  Eat: Ration            |     1 |     2 |     1 ||     4
Armor: Robe              |    10 |    17 |    12 ||    39
Dodge: Dodged            |    69 |   107 |    99 ||   275
Block: Buckler           |    11 |    29 |    40 ||    80

Table legend:
 A = Non-vault XP
 B = Vault XP
 C = Vault XP percentage of total XP
 D = Non-vault monster count
 E = Vault monster count
 F = Vault count percentage of total count
                 A         B        C        D         E       F
            +---------+---------+-------+---------+---------+-------
      Total |    1892 |     323 |  14.6 |     122 |      23 |  15.9
            +---------+---------+-------+---------+---------+-------
        D:1 |      46 |       0 |   0.0 |      19 |       0 |   0.0
        D:2 |      30 |      25 |  45.5 |      10 |       7 |  41.2
        D:3 |     232 |      40 |  14.7 |      33 |      15 |  31.2
        D:4 |     344 |       0 |   0.0 |      18 |       0 |   0.0
        D:5 |     457 |     258 |  36.1 |      24 |       1 |   4.0
        D:6 |     783 |       0 |   0.0 |      18 |       0 |   0.0
            +---------+---------+-------+---------+---------+-------
